 Dungeon Crawl Stone Soup version 0.28-a0-1638-g9123634e07 (webtiles) character file.

Game seed: 13063049850241873285

1606 HallandMoats the Skirmisher (level 8, -4/71 HPs)
             Began as a Ghoul Fighter on Jan 25, 2022.
             Was a Believer of Okawaru.
             Engulfed by a steam dragon's steam (10 damage)
             ... on level 5 of the Dungeon.
             The game lasted 00:06:20 (4609 turns).

HallandMoats the Skirmisher (Ghoul Fighter)         Turns: 4609, Time: 00:06:20

Health: -4/71      AC:  8    Str: 20    XL:     8   Next: 94%
Magic:  9/9        EV: 10    Int:  5    God:    Okawaru [**....]
Gold:   299        SH:  0    Dex:  8    Spells: 7/7 levels left

rFire   . . .      SeeInvis .   a - +2 scythe (venom)
rCold   + . .      Faith    .   (shield currently unavailable)
rNeg    + + +      Spirit   .   c - +0 scale mail
rPois   ∞          Reflect  .   (no helmet)
rElec   .          Harm     .   (no cloak)
rCorr   .          Rampage  .   i - +0 pair of gloves
Will    +....                   (no boots)
Stlth   ..........              f - amulet of regeneration
HPRegen 0.00/turn               n - ring of willpower
MPRegen 0.11/turn               (no ring)

@: inhibited regen
A: claws 1, cold resistance 1, negative energy resistance 3, inhibited
regeneration, torment resistance 2
a: Renounce Religion, Heroism


You were on level 5 of the Dungeon.
You worshipped Okawaru.
Okawaru was pleased with you.
You visited 1 branch of the dungeon, and saw 6 of its levels.
You also visited: Sewer.

You collected 299 gold pieces.

Inventory:

Hand Weapons
 a - a +2 scythe of venom (weapon)
Missiles
 w - 2 throwing nets (quivered)
Armour
 b - a +0 buckler
 c - a +0 scale mail (worn)
 i - a +0 pair of gloves (worn)
 y - a +1 pair of gloves
Jewellery
 f - an amulet of regeneration (around neck)
 n - a ring of willpower (left hand)
Wands
 x - a wand of digging (9)
Scrolls
 g - 2 scrolls of blinking {unknown}
 o - a scroll of magic mapping {unknown}
 q - a scroll of enchant armour {unknown}
 u - a scroll of immolation {unknown}
 v - 3 scrolls of identify
Potions
 e - a potion of flight {unknown}
 h - 2 potions of might
 j - 3 potions of invisibility {unknown}
 k - a potion of magic {unknown}
 l - a potion of curing {unknown}
 m - a potion of berserk rage {unknown}
 p - a potion of resistance {unknown}
 r - a potion of degeneration {unknown}
 s - a potion of attraction {unknown}
 t - a potion of brilliance {unknown}


   Skills:
 * Level 6.9 Fighting
 * Level 4.2 Polearms
 + Level 4.3 Armour
 + Level 3.1 Dodging
 + Level 4.3 Shields
 - Level 3.6 Unarmed Combat
 + Level 3.8 Invocations


You had 7 spell levels left.
You didn't know any spells.
Your spell library contained the following spells:

 Spells                   Type           Power      Damage    Failure   Level
 Slow                     Hex            0%         N/A       82%         1
 Confusing Touch          Hex            0%         N/A       99%         3
 Vampiric Draining        Necr           0%         2d6       99%         3
 Passage of Golubria      Tloc           0%         N/A       100%        4
 Yara's Violent Unravell  Hex/Tmut       0%         3d3       100%        5
 Tukima's Dance           Hex            Unusable   N/A       N/A         3

Dungeon Overview and Level Annotations

Branches:
Dungeon (6/15)              Sewer (visited)
 Temple: D:4-7

Altars:
Kikubaaqudgha
Okawaru
Ru
Wu Jian
Yredelemnul
The Shining One

Shops:
D:1 (   D:2 !


Innate Abilities, Weirdness & Mutations

You thrive by killing the living.
You are immune to poison.
You have sharp fingernails.
Your flesh is cold resistant. (rC+)
You are immune to negative energy. (rN+++)
You do not regenerate when monsters are visible.
You are immune to unholy pain and torment.


Message History

The ball of steam hits you! The orc hits you with a +0 flail.
The steam dragon bites you.
The steam dragon claws you but does no damage.
You barely miss the steam dragon.
The steam dragon is heavily wounded.
You are engulfed in a cloud of scalding steam.
The orc misses you.
The steam dragon bites you but does no damage.
The steam dragon claws you but does no damage.
The orc hits you but does no damage. The steam dragon breathes steam at you.
The ball of steam hits you!
You are too injured to fight recklessly!
Unknown command.
You are too injured to fight recklessly!
Unknown command.
You are too injured to fight recklessly!
Unknown command.
You are too injured to fight recklessly!
Unknown command.
You are too injured to fight recklessly!
You are too injured to fight recklessly!
You hit the steam dragon but do no damage.
The steam dragon is severely wounded.
You are engulfed in a cloud of scalding steam.
* * * LOW HITPOINT WARNING * * *
The orc hits you with a +0 flail.
* * * LOW HITPOINT WARNING * * *
The steam dragon bites you.
* * * LOW HITPOINT WARNING * * *
The steam dragon claws you.
* * * LOW HITPOINT WARNING * * *
The orc misses you.
The steam dragon bites you but does no damage.
The steam dragon claws you.
* * * LOW HITPOINT WARNING * * *
You hit the orc.
The orc is poisoned.
The orc is severely wounded.
You are engulfed in a cloud of scalding steam.
You die...

#.#.........#. ###########
#.###.######## ..........#
#.#.#.# ###
..........##########.#.#.# #..
...................#.#...# #..
..........########.#.##########..
.......................(......'..
...........##....D.#.##########..
................@o.#.# #.......
...............§...#.# #.####..
######......####.###.# #.# ###
###....+........#####'####..
#....####.###............. #....#
#.# #.............
#....####+###.............
#..........##.............
#..........##.............


You could see a steam dragon (very poisoned) and an orc (very poisoned).

Vanquished Creatures
  Sigmund (D:2)
  A steam dragon (D:5)
  A water moccasin (D:5)
  2 sky beasts (D:5)
  2 black bears
  2 necrophages (D:5)
  A phantom (D:4)
  2 kobold brigands (Sewer)
  A water moccasin skeleton (D:5)
  A bullfrog zombie (D:5)
  2 hounds (D:5)
  2 jellies (D:3)
  2 iguanas (D:5)
  A hound skeleton (D:4)
  5 gnolls
  5 adders
  An ufetubus (D:4)
  2 worms
  A dart slug (D:3)
  6 orcs (D:3)
  9 ball pythons
  4 bats
  15 endoplasms
  2 giant cockroaches (D:2)
  7 goblins
  5 hobgoblins
  3 jackals (D:3)
  19 kobolds
  3 quokkas
  2 frilled lizards
  6 rats
116 creatures vanquished.

Vanquished Creatures (others)
  3 fungi (D:3)
  10 toadstools (D:3)
13 creatures vanquished.

Grand Total: 129 creatures vanquished

Notes
Turn   | Place    | Note
-------+----------+-------------------------------------------
     0 | D:1      | HallandMoats the Ghoul Fighter began the quest for the Orb.
     0 | D:1      | Reached XP level 1. HP: 19/19 MP: 0/0
   191 | D:1      | Reached XP level 2. HP: 26/26 MP: 1/1
   330 | D:1      | Found Mosiss Zoxo's Antique Weapon Emporium.
   611 | D:2      | Noticed Sigmund
   621 | D:2      | Killed Sigmund
   622 | D:2      | Reached skill level 4 in Fighting
   622 | D:2      | Reached skill level 1 in Dodging
   622 | D:2      | Reached skill level 1 in Invocations
   622 | D:2      | Reached XP level 3. HP: 7/34 MP: 1/3
   622 | D:2      | Reached XP level 4. HP: 8/41 MP: 1/4
   622 | D:2      | Reached XP level 5. HP: 9/47 MP: 1/5
  1271 | D:2      | Found Buimona's Distillery.
  1417 | D:3      | Found an iron altar of Okawaru.
  1461 | D:3      | Became a worshipper of Warmaster Okawaru
  1584 | D:3      | Found a faded altar of an unknown god.
  1599 | D:3      | Reached XP level 6. HP: 39/53 MP: 6/6
  2282 | D:3      | Reached skill level 1 in Polearms
  2771 | D:4      | Found a glowing drain.
  2812 | D:4      | Noticed a black bear
  2826 | D:4      | Killed a black bear
  2827 | D:4      | Reached skill level 5 in Fighting
  2827 | D:4      | Reached XP level 7. HP: 51/61 MP: 7/7
  2879 | Sewer    | Entered a sewer
  3269 | D:4      | Found an ancient bone altar of Kikubaaqudgha.
  3269 | D:4      | Found a basalt altar of Yredelemnul.
  3271 | D:4      | Found a sacrificial altar of Ru.
  3271 | D:4      | Found an ornate altar of the Wu Jian Council.
  3525 | D:5      | Entered Level 5 of the Dungeon
  3539 | D:5      | Reached * piety under Okawaru
  3602 | D:5      | Reached XP level 8. HP: 59/70 MP: 9/9
  3635 | D:5      | Reached skill level 6 in Fighting
  3903 | D:5      | Reached ** piety under Okawaru
  4609 | D:5      | Engulfed by a steam dragon's steam

Illustrated notes

Levels and vault maps discovered:
D:1:      psy_arrival_whirlpool, layout_basic, serial_shops,
          nicolae_shop_temple_entry_statues_fountains
D:2:      layout_basic, serial_shops, shop_fountains, uniq_sigmund
D:3:      cheibrodos_fertilizer, layout_loops_ring, okawaru_altar_gauntlet_db,
          hellmonk_ecumenical_altar_dog_temple
D:4:      layout_basic, grunt_temple_overflow_open, portal_sewer_entry_e,
          mrwooster_statue_mirror, chequers_serial_rivers_small_a,
          eino_small_chamber_without_monster
D:5:      layout_basic
D:6:      layout_loops_ring, serial_shops, shop_statue

Skill      XL: |  1  2  3  4  5  6  7  8 |
---------------+-------------------------+-----
Fighting       | 4 5 6 |  6.9
Armour         | 3 4 |  4.3
Dodging        | 1 2 3 |  3.1
Shields        | 3 4 |  4.3
Unarmed Combat | 3 |  3.6
Invocations    | 1 2 3 |  3.8
Polearms       | 1 3 4 |  4.2

Action                   |  1- 3 |  4- 6 |  7- 9 || total
-------------------------+-------+-------+-------++-------
Melee: Unarmed           |    40 |       |       ||    40
       Scythe            |       |   191 |   170 ||   361
  Use: Potion            |     1 |       |     1 ||     2
       Scroll            |       |     5 |       ||     5
Armor: Scale mail        |     9 |   159 |   109 ||   277
Dodge: Dodged            |    15 |   183 |   103 ||   301
Block: Buckler           |     7 |       |       ||     7

Table legend: (Time is in decaauts)
 A = Elapsed time spent in this place.
 B = Non-inter-level travel time spent in this place.
 C = Inter-level travel time spent in this place.
 D = Time resting spent in this place.
 E = Time spent auto-exploring this place.
 F = Levels seen in this place.
 G = Mean time per level.
                   A        B        C        D        E       F      G
               +--------+--------+--------+--------+--------+-----+--------+
         Total |   5020 |   4923 |     97 |     33 |   3575 |   7 |  717.1 |
       Dungeon |   4564 |   4467 |     97 |     33 |   3317 |   6 |  760.7 |
         Sewer |    456 |    456 |      0 |      0 |    258 |   1 |  456.0 |
               +--------+--------+--------+--------+--------+-----+--------+

Top non-repeatable levels by time:
     D:3: 1273 daAuts
     D:5: 1151 daAuts
     D:2: 793 daAuts
     D:4: 752 daAuts
     D:1: 590 daAuts
   Sewer: 456 daAuts
     D:6: 2 daAuts
